 Dungeon Crawl Stone Soup version 0.28-a0-1199-gef9e1dbd39 (webtiles) character file.

Game seed: 7168952041846991955

106 ytrimaz the Insei (level 4, -10/28 HPs)
             Began as an Octopode Transmuter on Dec 20, 2021.
             Killed by divine providence
             ... invoked by an orc priest
              (12 damage)
             ... on level 3 of the Dungeon.
             The game lasted 00:03:07 (2981 turns).

ytrimaz the Insei (Octopode Transmuter)             Turns: 2981, Time: 00:03:08

Health: -10/28     AC:  2    Str:  6 (9)  XL:     4   Next: 84%
Magic:  2/7        EV: 19    Int: 17      God:
Gold:   1359       SH:  0    Dex: 17      Spells: 2/8 levels left

rFire   . . .      SeeInvis .     - Unarmed
rCold   + . .      Faith    .   (shield currently unavailable)
rNeg    . . .      Spirit   .   (helmet currently unavailable)
rPois   x          Reflect  .   (no amulet)
rElec   .          Harm     .   a - ring of protection from cold
rCorr   .          Rampage  .   (no ring)
Will    .....                   (no ring)
Stlth   ++........              (no ring)
HPRegen 0.09/turn               (no ring)
MPRegen 0.10/turn               (no ring)
                                (no ring)
                                (no ring)

@: spider-form (expiring), attractive
A: venomous fangs, almost no armour, (amphibious), 8 rings, tiny, (camouflage
1), (gelatinous body 1), (nimble swimmer 1), (tentacles)
a: End Transformation


You were on level 3 of the Dungeon.
You were a venomous arachnid creature.
You visited 1 branch of the dungeon, and saw 4 of its levels.

You collected 1359 gold pieces.

Inventory:

Jewellery
 a - a ring of protection from cold (left front leg)
Scrolls
 d - a scroll of enchant armour


   Skills:
 * Level 1.4 Fighting
 * Level 2.4 Dodging
 + Level 3.9 Unarmed Combat
 * Level 2.6 Spellcasting
 * Level 3.0 Transmutations
 + Level 0.2 Poison Magic


You had 2 spell levels left.
You knew the following spells:

 Your Spells              Type           Power      Damage    Failure   Level
a - Beastly Appendage     Tmut           24%        N/A       16%         1
b - Wereblood             Tmut           12%        N/A       21%         2
c - Spider Form           Tmut/Pois      7%         N/A       50%         3

Your spell library contained the following spells:

 Spells                   Type           Power      Damage    Failure   Level
 Ice Form                 Ice/Tmut       7%         N/A       85%         4


Dungeon Overview and Level Annotations

Branches:
Dungeon (4/15)
 Temple: D:4-7

Altars:

Shops:
D:2 (

Annotations:
D:3 exclusion: scorpion


Innate Abilities, Weirdness & Mutations

You are a venomous arachnid creature.
You have poisonous fangs.
You are tiny and dextrous.
Your spellcasting is less reliable in this form.
Your armour is entirely melded.
You are incapable of wielding weapons or throwing items.
You cannot wear most types of armour.
((You are amphibious.))
You can wear up to eight rings at the same time.
((Your skin changes colour to match your surroundings (Stealth+).))
((Your rubbery body absorbs attacks. (AC +1, EV +1)))
((You are camouflaged near water. (Stealth+)))
((You have tentacles for arms and can constrict up to eight enemies at once.))


Message History

Unknown command.
Unknown command.
You aren't carrying any potions.
You are too confused!
Unknown command.
You're too confused to move!
You kill the orc wizard!
The orc is attracted toward you. The orc priest is attracted toward you.
You feel your intelligence returning.
Unknown command.
Your transformation is almost over.
The orc priest is attracted toward you. Something is attracted toward you.
Unknown command.
You hit the orc.
The orc is poisoned.
The orc is heavily wounded.
The orc misses you.
Unknown command.
You hit the orc.
You kill the orc!
Unknown command.
You hit the orc priest but do no damage.
The orc priest is poisoned.
The orc priest barely misses you.
Your magical contamination has completely faded away.
You barely miss the orc priest.
The orc priest is lightly wounded.
Unknown command.
Unknown command.
You bump into the rock wall.
You feel less confused.
The orc priest looks braver for a moment.
You hit the orc priest but do no damage.
The orc priest looks even sicker.
The orc priest is lightly wounded.
The orc priest completely misses you.
Unknown command.
You hit the orc priest.
The orc priest is moderately wounded.
The orc priest invokes the aid of Beogh against you.
Beogh smites you!
You die...

...#.#
#####ยง..o
#.......
#.##.....
........#
#.#####
#..)){#
#####o#
#s# #.###
#...#
#.#.#
#.#.#
#.#.# #.
#.#.#
#.###
###.#
#####....
###..#


You could see an orc priest (very poisoned).

Vanquished Creatures
  An orc wizard (D:3)
  2 adders
  A white imp (D:3)
  A worm (D:2)
  A dart slug (D:1)
  An orc (D:3)
  4 endoplasms
  4 giant cockroaches
  8 hobgoblins
  4 jackals (D:1)
  5 ball pythons
  3 bats
  3 frilled lizards
  2 goblins (D:1)
  3 kobolds
  4 rats
47 creatures vanquished.

Notes
Turn   | Place    | Note
-------+----------+-------------------------------------------
     0 | D:1      | ytrimaz the Octopode Transmuter began the quest for the
                  | Orb.
     0 | D:1      | Reached XP level 1. HP: 13/13 MP: 3/3
   150 | D:1      | Found a faded altar of an unknown god.
   175 | D:1      | Reached XP level 2. HP: 4/18 MP: 5/5
   411 | D:1      | Identified a scroll of acquirement
   411 | D:1      | Acquired 1237 gold pieces
   786 | D:2      | Learned a level 2 spell: Wereblood
   954 | D:1      | Reached XP level 3. HP: 23/23 MP: 2/6
   966 | D:1      | Learned a level 3 spell: Spider Form
  1367 | D:2      | HP: 1/23 [adder (2)]
  2114 | D:2      | Found Kukkuren's Weapon Shop.
  2539 | D:3      | Reached XP level 4. HP: 28/28 MP: 5/7
  2648 | D:3      | Noticed a scorpion
  2970 | D:3      | HP: 1/28 [orc wizard (4)]
  2981 | D:3      | Killed from afar by an orc priest

Illustrated notes

Levels and vault maps discovered:
D:1:      scummos_arrival_simple_fountains, layout_basic,
          basic_ecumenical_altar, supply_closet_lemuel, hangedman_decor_lopped,
          nicolae_figureground_pulse
D:2:      layout_rooms, serial_shops, nicolae_shop_stone
D:3:      layout_basic
D:4:      layout_cave_pools, minmay_large_rounded_square

Skill      XL: |  1  2  3  4 |
---------------+-------------+-----
Transmutations | 3 |  3.0
Fighting       | |  1.4
Dodging        | |  2.4
Unarmed Combat | |  3.9
Spellcasting   | |  2.6
Poison Magic   | |  0.2

Action                   |  1- 3 |  4- 6 || total
-------------------------+-------+-------++-------
Melee: Unarmed           |    88 |    25 ||   113
       Constrict         |    26 |     4 ||    30
       Tentacles         |    14 |     4 ||    18
       Kick              |    11 |     2 ||    13
       Punch             |     1 |       ||     1
 Cast: Beastly Appendage |    21 |     5 ||    26
       Wereblood         |     3 |       ||     3
       Spider Form       |       |     2 ||     2
  Use: Scroll            |     4 |     1 ||     5
       Potion            |     3 |     1 ||     4
 Stab: Sleeping          |     3 |       ||     3
Armor: Skin              |    11 |       ||    11
Dodge: Dodged            |    77 |    18 ||    95

Table legend: (Time is in decaauts)
 A = Elapsed time spent in this place.
 B = Non-inter-level travel time spent in this place.
 C = Inter-level travel time spent in this place.
 D = Time resting spent in this place.
 E = Time spent auto-exploring this place.
 F = Levels seen in this place.
 G = Mean time per level.
                   A        B        C        D        E       F      G
               +--------+--------+--------+--------+--------+-----+--------+
         Total |   2975 |   2884 |     91 |    919 |   1551 |   4 |  743.8 |
       Dungeon |   2975 |   2884 |     91 |    919 |   1551 |   4 |  743.8 |
               +--------+--------+--------+--------+--------+-----+--------+

Top non-repeatable levels by time:
     D:2: 1613 daAuts
     D:1: 917 daAuts
     D:3: 442 daAuts
     D:4: 1 daAuts
